 Dungeon Crawl Stone Soup version 0.24.0-1-gfbc8707122 (webtiles) character file.

Game seed: 7772675863950015497, levelgen mode: deterministic

1063 Mrkan the Fighter (level 8, -6/74 HPs)
             Began as a Grey Draconian Fighter on Oct 25, 2019.
             Was an Initiate of Ru.
             Killed by divine providence
             ... invoked by an orc priest
              (15 damage)
             ... on level 4 of the Dungeon.
             The game lasted 00:07:56 (3170 turns).

Mrkan the Fighter (Grey Draconian Fighter)          Turns: 3170, Time: 00:07:57

Health: -6/74      AC: 12    Str: 18    XL:     8   Next: 6%
Magic:  8/8        EV: 11    Int: 12    God:    Ru [......]
Gold:   180        SH: 10    Dex: 10    Spells: 7/7 levels left

rFire    . . .     SeeInvis .   a - +0 long sword
rCold    . . .     Gourm    .   b - +0 shield
rNeg     . . .     Faith    .   (armour unavailable)
rPois    .         Spirit   .   (helmet restricted)
rElec    .         Reflect  .   o - +0 cloak
rCorr    .         Harm     .   (no gloves)
MR       .....                  (no boots)
Stlth    +.........             (no amulet)
HPRegen  0.22/turn              (no ring)
MPRegen  0.11/turn              (no ring)

@: no status effects
A: walk through water, unfitting armour, unbreathing, cold-blooded, AC +11
a: Renounce Religion


You were on level 4 of the Dungeon.
You worshipped Ru.
Ru was noncommittal.
You were not hungry.

You visited 1 branch of the dungeon, and saw 4 of its levels.

You collected 180 gold pieces.

Inventory:

Hand Weapons
 a - a +0 long sword (weapon)
 k - a +0 hunting sling
 z - a +1 whip of freezing
Missiles
 l - 91 stones (quivered)
Armour
 b - a +0 shield (worn)
 o - a +0 cloak (worn)
Jewellery
 r - a cursed ring of teleportation {unknown}
 y - an uncursed amulet of the acrobat {unknown}
Scrolls
 e - 3 scrolls of fog {unknown}
 f - 4 scrolls of identify
 i - 2 scrolls of enchant weapon {unknown}
 p - a scroll of amnesia {unknown}
 q - 5 scrolls of remove curse {unknown}
 u - 3 scrolls of teleportation {unknown}
 w - a scroll of enchant armour {unknown}
 x - a scroll of blinking {unknown}
 A - a scroll of random uselessness {unknown}
Potions
 c - 3 potions of might
 g - 4 potions of curing
 j - a potion of agility {unknown}
 n - a potion of magic {unknown}
 s - a potion of degeneration {unknown}
 t - a potion of heal wounds {unknown}
 v - a potion of brilliance {unknown}
Comestibles
 d - 7 rations


   Skills:
 + Level 8.0 Fighting
 - Level 2.0 Long Blades
 - Level 2.6 Dodging
 + Level 7.3 Shields


You had 7 spell levels left.
You didn't know any spells.
Your spell library was empty.

Dungeon Overview and Level Annotations

Branches:
Dungeon (4/15)
 Temple: D:4-7

Altars:
Ashenzari
Nemelex Xobeh
Ru


Innate Abilities, Weirdness & Mutations

You can walk through water.
Your dull iron-grey scales are very hard. (AC +11)
You cannot fit into any form of body armour.
You can survive without breathing.
You are cold-blooded and may be slowed by cold attacks.


Message History

The magic dart hits you but does no damage.
The orc hits you but does no damage.
The orc priest invokes the aid of Beogh against you.
Beogh smites you!
You bump into the rock wall.
You feel less confused. Something hits you.
* * * LOW HITPOINT WARNING * * *
The orc hits you but does no damage.
You closely miss something. Something hits you but does no damage.
The orc closely misses you.
The orc priest invokes the aid of Beogh against you.
Beogh smites you!
* * * LOW HITPOINT WARNING * * *
You barely miss something. Something hits you.
* * * LOW HITPOINT WARNING * * *
The orc priest miscasts a cantrip.
The orc priest calls down the wrath of Beogh upon you.
Beogh smites you!
You die...

### ###### .. ######..... #.
....##.#### ### ###.#+#.##.##.#
#.. ........##.##.#
#.########...###.##.#
#.#..<{@#........##.####
#.#...#o#....##........#
+######.#####o#.#####........#
..........).{o#.#............#
#######.#######.#.##.#.....<.#
#######.# #.#.##.........#
####o......#######.#.##.........#
..)..............................
####.####.##...........#.########


You could see 2 orc priests and an orc.

Vanquished Creatures
  Pikel (D:4)
  A hungry ghost (D:4)
  A scorpion (D:4)
  A howler monkey (D:2)
  A bullfrog skeleton (D:4)
  A hound (D:4)
  An orc priest (D:3)
  3 worker ants (D:4)
  An orc wizard (D:3)
  A howler monkey skeleton (D:4)
  8 adders
  An ooze (D:3)
  2 worms (D:4)
  2 dart slugs
  3 leopard geckos
  20 orcs
  5 giant cockroaches
  10 goblins
  9 hobgoblins
  2 jackals (D:1)
  10 kobolds
  4 ball pythons
  14 bats
  4 frilled lizards
  8 rats
114 creatures vanquished.

Notes
Turn   | Place    | Note
-------+----------+-------------------------------------------
     0 | D:1      | Mrkan the Draconian Fighter began the quest for the Orb.
     0 | D:1      | Reached XP level 1. HP: 19/19 MP: 1/1
   125 | D:1      | Reached XP level 2. HP: 17/26 MP: 2/2
   469 | D:2      | Reached skill level 4 in Fighting
   482 | D:2      | Noticed a howler monkey
   489 | D:2      | Killed a howler monkey
   489 | D:2      | Reached XP level 3. HP: 34/34 MP: 3/3
   512 | D:2      | Reached XP level 4. HP: 41/41 MP: 4/4
  1268 | D:2      | Found a sparkling altar of Nemelex Xobeh.
  1499 | D:3      | Reached skill level 5 in Fighting
  1506 | D:3      | Reached XP level 5. HP: 40/48 MP: 5/5
  1533 | D:3      | Found a sacrificial altar of Ru.
  1591 | D:3      | Became a worshipper of Ru the Awakened
  1701 | D:3      | Found a shattered altar of Ashenzari.
  1728 | D:3      | Reached skill level 5 in Shields
  2005 | D:4      | Reached XP level 6. HP: 23/57 MP: 6/6
  2310 | D:4      | Noticed Pikel
  2310 | D:4      | Noticed a slave
  2310 | D:4      | Noticed a slave
  2310 | D:4      | Noticed a slave
  2338 | D:4      | Killed Pikel
  2338 | D:4      | Reached skill level 7 in Fighting
  2338 | D:4      | Your scales start taking on a dull iron-grey colour.
  2338 | D:4      | Reached XP level 7. HP: 13/66 MP: 7/7
  2338 | D:4      | Gained mutation: You can survive without breathing. [Grey
                  | Draconian growth]
  2714 | D:4      | Noticed a hungry ghost
  2733 | D:4      | Killed a hungry ghost
  2838 | D:4      | Reached XP level 8. HP: 60/74 MP: 8/8
  2863 | D:4      | Reached skill level 8 in Fighting
  3170 | D:4      | Killed from afar by an orc priest

Levels and vault maps discovered:
D:1:      nicolae_arrival_memento_mori, layout_basic
D:2:      kennysheep_big_flooded_room, layout_basic,
          nicolae_overflow_hidden_temple, first_ration
D:3:      layout_rooms, ashenzari_conservatory_becter,
          nicolae_ru_sacrificial_ziggurat
D:4:      layout_basic, uniq_pikel

Skill      XL: |  1  2  3  4  5  6  7  8 |
---------------+-------------------------+-----
Fighting       | 4 5 7 8 |  8.0
Shields        | 4 5 6 7 |  7.3
Long Blades    | |  2.0
Dodging        | |  2.6

Action                   |  1- 3 |  4- 6 |  7- 9 || total
-------------------------+-------+-------+-------++-------
Melee: Long sword        |    77 |   220 |   113 ||   410
       Tailslap          |     6 |    27 |    17 ||    50
  Use: Scroll            |       |     1 |       ||     1
       Potion            |       |       |     2 ||     2
  Eat: Chunk             |       |     5 |     5 ||    10
       Ration            |       |       |     1 ||     1
Armor: Skin              |    29 |    67 |    62 ||   158
Dodge: Dodged            |    39 |    99 |    50 ||   188
Block: Shield            |    45 |   128 |    54 ||   227
       Rpst.: Long sword |    10 |    33 |    10 ||    53
